AoeStats
← Chia

Arabia

509910084Analyzed
3v3 RM · 4d ago on Sep 28, 2026· 39m 27s· 6 players
Game mode
Random Map
Map size
Normal (6 player)
Population
200
Speed
Normal
Resources
Standard
Victory
Conquest
Starting age
Dark Age
Ending age
Imperial Age
RankedLock teamsTeams togetherTeam positionsShared explorationLock speedFull tech treeHidden civsTurbo modeCheats
Victory
Defeat
🇦🇷 Magyars · Argentina
1161
+13
🇫🇷 Celts · France
1159
+13
🇸🇪 Britons · Sweden
1102
+15
🇹🇼 Varangians · Taiwan
1105
-14
🇹🇼 Vietnamese · Taiwan
1104
-14
🇹🇼 Danes · Taiwan
1076
-13
mati
7:29 Loom
9:49 Feudal Age
11:12 Double-Bit Axe
13:01 Horse Collar
17:42 Fletching
17:52 Padded Archer Armor
21:22 Castle Age
21:33 Gold Mining
22:56 Crossbowman
23:37 Bodkin Arrow
25:12 Wheelbarrow
24:26 Town Watch
25:58 Gold Shaft Mining
25:35 Bow Saw
25:29 Heavy Plow
27:17 Ballistics
27:18 Leather Archer Armor
30:19 Hand Cart
30:06 Town Patrol
37:24 Imperial Age
37:30 Yeomen
38:20 Stone Mining
38:00 Arbalester
38:43 Bracer
39:13 Ring Archer Armor
DanEz
10:31 Feudal Age
10:30 Loom
12:21 Double-Bit Axe
13:00 Bloodlines
13:01 Horse Collar
15:07 Bloodlines
18:40 Wheelbarrow
20:49 Castle Age
19:38 Gold Mining
21:10 Fletching
21:20 Padded Archer Armor
22:01 Bodkin Arrow
24:19 Leather Archer Armor
24:55 Bow Saw
25:25 Gold Shaft Mining
26:59 Town Watch
29:44 Ballistics
30:50 Husbandry
32:43 Thumb Ring
34:22 Stone Mining
APEP
11:08 Feudal Age
9:26 Loom
16:54 Castle Age
15:28 Double-Bit Axe
15:29 Horse Collar
22:00 Husbandry
22:35 Heavy Plow
23:16 Gold Mining
23:17 Stone Mining
24:01 Bow Saw
25:05 Wheelbarrow
29:31 Gold Shaft Mining
33:53 Imperial Age
32:44 Forging
32:39 Scale Barding Armor
34:00 Iron Casting
34:32 Chain Barding Armor
34:26 Cavalier
35:49 Hand Cart
39:25 Man-at-Arms
Chia
7:26 Loom
9:50 Feudal Age
16:44 Castle Age
15:34 Double-Bit Axe
15:30 Horse Collar
17:34 Bloodlines
18:04 Scale Barding Armor
19:42 Bloodlines
22:36 Chain Barding Armor
30:06 Husbandry
31:56 Forging
33:58 Wheelbarrow
38:12 Vendel Legacy
38:42 Town Watch
39:41 Hand Cart
aquarius0124
6:41 Loom
11:11 Feudal Age
14:54 Double-Bit Axe
14:56 Horse Collar
17:41 Castle Age
19:21 Squires
21:03 Town Watch
24:37 Scale Mail Armor
25:47 Wheelbarrow
26:07 Arson
30:00 Hand Cart
31:11 Hamask
33:24 Chain Mail Armor
33:19 Forging
35:42 Pikeman
beauty viper
10:09 Feudal Age
10:16 Loom
10:47 Double-Bit Axe
27:10 Castle Age
25:02 Horse Collar
25:39 Stone Mining
26:06 Gold Mining
26:22 Fletching
27:14 Padded Archer Armor
27:25 Crossbowman
28:18 Bow Saw
28:41 Heavy Plow
31:34 Bodkin Arrow
31:58 Elite Skirmisher
35:55 Murder Holes
38:51 Wheelbarrow
38:29 Masonry
Connection lost

Rejoining the realm…

Still unreachable

The connection could not be restored.

Session expired

The server has moved on; the page needs a fresh start.